 Dungeon Crawl Stone Soup version 0.23.1 (webtiles) character file.

Game seed: 6817420638985702610

662 dengdeng the Chopper (level 7, 0/60 HPs)
             Began as a Hill Orc Berserker on Mar 14, 2019.
             Was a Priest of Trog.
             Slain by Duvessa
             ... wielding a +0 short sword
              (4 damage)
             ... on level 5 of the Dungeon.
             The game lasted 00:12:47 (4055 turns).

dengdeng the Chopper (Hill Orc Berserker)           Turns: 4055, Time: 00:12:50

Health: 0/60       AC: 13    Str: 22    XL:     7   Next: 56%
Magic:  7/7        EV:  7    Int:  7    God:    Trog [***...]
Gold:   292        SH:  8    Dex: 10    Spells: 6/6 levels left

rFire    + + .     SeeInvis .   r - +0 broad axe
rCold    x . .     Gourm    .   w - +0 shield
rNeg     + . .     Faith    .   g - +0 fire dragon scales
rPois    .         Spirit   .   (no helmet)
rElec    .         Reflect  .   l - +0 cloak
rCorr    .         Harm     .   m - +0 pair of gloves
MR       .....                  (no boots)
Stlth    ..........             n - amulet of regeneration
HPRegen  0.60/turn              u - ring of positive energy
MPRegen  0.10/turn              b - +1 ring of protection

@: berserk cooldown, slowed, very slow
A: no striking features
a: Berserk, Trog's Hand, Renounce Religion


You were on level 5 of the Dungeon.
You worshipped Trog.
Trog was most pleased with you.
You were very hungry.

You visited 1 branch of the dungeon, and saw 5 of its levels.

You collected 292 gold pieces.

Inventory:

Hand Weapons
 i - a +1 mace of venom
 r - a +0 broad axe (weapon)
Missiles
 f - 121 stones (quivered)
Armour
 g - +0 fire dragon scales (worn)
 l - a +0 cloak (worn)
 m - a +0 pair of gloves (worn)
 w - a +0 shield (worn)
Jewellery
 b - a +1 ring of protection (right hand)
 n - an amulet of regeneration (around neck)
 u - a ring of positive energy (left hand)
Wands
 y - a wand of iceblast (6)
Scrolls
 a - a scroll of fear {unknown}
 d - 6 scrolls of identify
 e - 5 scrolls of remove curse
 j - 2 scrolls of blinking {unknown}
 k - 3 scrolls of magic mapping {unknown}
 s - a scroll of teleportation {unknown}
 x - a scroll of random uselessness {unknown}
Potions
 o - a potion of berserk rage {unknown}
 p - a potion of curing
 q - a potion of might {unknown}
 t - a potion of brilliance {unknown}
 v - a potion of degeneration {unknown}
Comestibles
 c - 8 rations


   Skills:
 + Level 4.9 Fighting
 + Level 7.7 Axes
 * Level 5.3 Armour
 + Level 2.6 Dodging
 + Level 0.8 Stealth
 + Level 1.2 Shields


You had 6 spell levels left.
You didn't know any spells.
Your spell library was empty.

Dungeon Overview and Level Annotations

Branches:
Dungeon (5/15)             Temple (0/1) D:4

Altars:
Fedhas
Gozag
Hepliaklqana
Nemelex Xobeh
Ru
Wu Jian
Xom

Annotations:
D:5 Duvessa, Grinder, Sigmund


Message History

Sigmund freezes you.
* * * LOW HITPOINT WARNING * * *
The slave hits you but does no damage.
You closely miss the slave. x2; You hit Duvessa.
You hit Sigmund but do no damage. You block Duvessa's attack. x2
The slave completely misses you.
The crimson imp grinds its teeth.
The slave hits you!
* * * LOW HITPOINT WARNING * * *
Duvessa closely misses you. Sigmund gestures at you while chanting.
You resist with some effort. The slave closely misses you.
The slave barely misses you. You block Duvessa's attack.
Sigmund hits you from afar with a +5 scythe of freezing.
* * * LOW HITPOINT WARNING * * *
Sigmund freezes you.
* * * LOW HITPOINT WARNING * * *
Duvessa hits you with a +0 short sword.
You die...

#...# #.. .# #...# #.#
##.# #...# #.# ....
#####...######.# ..#.#
#..........>##.##.....
...................#..
#...........#.@p......
####...##.##e)p5.5...
#...##.###@#.###.#
#...##.# #)# #
#...##.. ...
########.#######.##
.....###.### #.#
<.##.##.#..#####..
#.##.##.......###.
..##.##.#.###.# .
#.........# ..


You could see Grinder, Duvessa (berserk), Sigmund, 2 slaves and a crimson imp.

Vanquished Creatures
  2 ogres
  A scorpion (D:4)
  Dowan (D:5)
  A howler monkey (D:5)
  A hound (D:4)
  Crazy Yiuf (D:2)
  An orc wizard (D:4)
  Jessica (D:2)
  Terence (D:2)
  4 worker ants (D:4)
  3 adders
  2 oozes
  3 worms
  4 dart slugs
  2 leopard geckos (D:4)
  5 orcs
  3 giant cockroaches
  3 goblins
  9 hobgoblins
  10 jackals
  8 bats
  2 frilled lizards
  5 kobolds
  8 rats
81 creatures vanquished.

Notes
Turn   | Place    | Note
-------+----------+-------------------------------------------
     0 | D:1      | dengdeng the Hill Orc Berserker began the quest for the
                  | Orb.
     0 | D:1      | Reached XP level 1. HP: 19/19 MP: 1/1
   211 | D:1      | Reached XP level 2. HP: 22/27 MP: 2/2
   901 | D:2      | Reached XP level 3. HP: 27/33 MP: 3/3
   944 | D:2      | Noticed Terence
   949 | D:2      | Killed Terence
   949 | D:2      | Reached skill level 5 in Axes
   949 | D:2      | Reached XP level 4. HP: 40/40 MP: 4/4
   952 | D:2      | Reached ** piety under Trog
  1114 | D:2      | Noticed Jessica
  1125 | D:2      | Killed Jessica
  1326 | D:2      | Found an opulent altar of Gozag.
  1679 | D:2      | Found a runed translucent door.
  1680 | D:2      | Noticed Crazy Yiuf
  1876 | D:2      | Killed Crazy Yiuf
  1876 | D:2      | Reached XP level 5. HP: 46/46 MP: 5/5
  2103 | D:3      | Found a sacrificial altar of Ru.
  2197 | D:3      | Found a sparkling altar of Nemelex Xobeh.
  2260 | D:3      | Found a blossoming altar of Fedhas.
  2313 | D:3      | Found a shimmering altar of Xom.
  2833 | D:4      | Noticed an ogre
  2840 | D:4      | Killed an ogre
  2840 | D:4      | Reached *** piety under Trog
  2840 | D:4      | Reached skill level 6 in Axes
  2840 | D:4      | Reached XP level 6. HP: 17/53 MP: 6/6
  2856 | D:4      | Reached skill level 7 in Axes
  3199 | D:4      | Found a hazy altar of Hepliaklqana.
  3423 | D:4      | Found an ornate altar of the Wu Jian Council.
  3454 | D:4      | Found a staircase to the Ecumenical Temple.
  3498 | D:4      | Reached XP level 7. HP: 60/60 MP: 7/7
  4013 | D:5      | Entered Level 5 of the Dungeon
  4036 | D:5      | Noticed Dowan
  4039 | D:5      | Noticed Duvessa
  4041 | D:5      | Noticed Sigmund
  4045 | D:5      | Noticed Grinder
  4049 | D:5      | Killed Dowan
  4049 | D:5      | Reached skill level 5 in Armour
  4049 | D:5      | Reached skill level 1 in Shields
  4055 | D:5      | Slain by Duvessa

Skill      XL: |  1  2  3  4  5  6  7 |
---------------+----------------------+-----
Fighting       | 4 |  4.9
Axes           | 5 6 7 |  7.7
Armour         | 3 4 5 |  5.3
Dodging        | 2 |  2.6
Shields        | 1 |  1.2
Stealth        | |  0.8

Action                   |  1- 3 |  4- 6 |  7- 9 || total
-------------------------+-------+-------+-------++-------
Melee: Hand axe          |    57 |    67 |       ||   124
       Broad axe         |       |    98 |    25 ||   123
Throw: Stone             |     1 |     3 |       ||     4
Invok: Berserk           |     1 |     1 |     1 ||     3
  Use: Scroll            |       |     1 |     1 ||     2
       Potion            |       |     1 |       ||     1
  Eat: Chunk             |       |     7 |     1 ||     8
       Ration            |       |     1 |       ||     1
Armor: Animal skin       |     2 |       |       ||     2
       Fire dragon scale |    20 |    83 |    19 ||   122
Dodge: Dodged            |    42 |    83 |    14 ||   139
Block: Shield            |       |    11 |    14 ||    25
